 Dungeon Crawl Stone Soup version 0.29-a0-317-gd16b76e6b1 (console) character file.

Game seed: 17589947746186748637

38 Ignak the Magician (level 3, -5/25 HPs)
             Began as a Gnoll Hedge Wizard on Apr 1, 2022.
             Slain by a gnoll
             ... wielding a +0 flail
              (13 damage)
             ... on level 2 of the Dungeon.
             The game lasted 00:02:29 (1046 turns).

Ignak the Magician (Gnoll Hedge Wizard)             Turns: 1046, Time: 00:02:30

Health: -5/25      AC:  2    Str:  9    XL:     3   Next: 43%
Magic:  1/11       EV: 13    Int: 15    God:
Gold:   29         SH:  0    Dex: 11    Spells: 7/16 levels left

rFire   . . .      SeeInvis .   a - +0 dagger
rCold   . . .      Faith    .   (no shield)
rNeg    . . .      Spirit   .   b - +0 robe
rPois   .          Reflect  .   c - +0 hat
rElec   .          Harm     .   (no cloak)
rCorr   .          Rampage  .   (no gloves)
Will    .....                   (no boots)
Stlth   ++........              (no amulet)
HPRegen 0.08/turn               (no ring)
MPRegen 0.12/turn               (no ring)

@: very slightly contaminated
A: fangs 1, strong nose, distributed training
a: no special abilities


You were on level 2 of the Dungeon.
You visited 1 branch of the dungeon, and saw 2 of its levels.

You collected 29 gold pieces.

Inventory:

Hand Weapons
 a - a +0 dagger (weapon)
Armour
 b - a +0 robe (worn)
 c - a +0 hat (worn)
Magical Staves
 h - a staff of air
Jewellery
 e - a ring of fire
Scrolls
 f - a scroll of amnesia {unknown}
 i - 2 scrolls of identify {unknown}
Potions
 d - a potion of magic
 g - a potion of curing


   Skills:
 + Level 0.8 Fighting
 + Level 0.8 Short Blades
 + Level 0.8 Long Blades
 + Level 0.8 Axes
 + Level 0.8 Maces & Flails
 + Level 0.8 Polearms
 + Level 0.8 Staves
 + Level 0.8 Slings
 + Level 0.8 Bows
 + Level 0.8 Crossbows
 + Level 0.8 Throwing
 + Level 0.8 Armour
 + Level 4.5 Dodging
 + Level 4.1 Stealth
 + Level 0.8 Shields
 + Level 0.8 Unarmed Combat
 + Level 7.1 Spellcasting
 + Level 2.1 Conjurations
 + Level 0.5 Hexes
 + Level 2.1 Summonings
 + Level 0.5 Necromancy
 + Level 2.1 Translocations
 + Level 0.5 Transmutations
 + Level 0.5 Fire Magic
 + Level 0.5 Ice Magic
 + Level 0.5 Air Magic
 + Level 0.5 Earth Magic
 + Level 0.5 Poison Magic
 + Level 1.0 Invocations
 + Level 0.8 Evocations


You had 7 spell levels left.
You knew the following spells:

 Your Spells              Type           Power      Damage    Failure   Level
a - Magic Dart            Conj           44%        1d5       5%          1
b - Blink                 Tloc           22%        N/A       9%          2
c - Slow                  Hex            28%        N/A       11%         1
d - Mephitic Cloud        Conj/Pois/Air  8%         N/A       26%         3
e - Call Imp              Summ           11%        N/A       9%          2

Your spell library contained the following spells:

 Spells                   Type           Power      Damage    Failure   Level
 Conjure Flame            Conj/Fire      9%         6-21      22%         3


Dungeon Overview and Level Annotations

Branches:
Dungeon (2/15)

Altars:


Innate Abilities, Weirdness & Mutations

You have very sharp teeth.
Your uncanny sense of smell can sniff out nearby items.
Your experience applies equally to all skills.


Message History

The adder bites the gnoll.
The adder barely misses itself.
The gnoll is engulfed in noxious fumes.
The gnoll appears confused.
The gnoll barely misses you.
A rat comes into view.
You hit the gnoll but do no damage. Your bite misses the gnoll.
The gnoll is almost dead.
Unknown command.
The adder closely misses the gnoll.
The gnoll hits the adder with a +0 whip of electrocution.
Lightning courses through the adder!!
The adder is killed!
Your Invocations skill increases to level 1!
Casting: Mephitic Cloud (extremely dangerous; 26% risk of failure)
Confirm with . or Enter, or press ? or * to list all spells.
The spell is extremely dangerous to miscast (26% risk of failure)!
Continue anyway?
Aiming: Mephitic Cloud (extremely dangerous; 26% risk of failure)
Press: ? - help, Shift-Dir - straight line, f - gnoll
Aim: a gnoll, wielding a +0 flail (chance to affect: 91%)
The ball explodes into a vile cloud!
The stinking cloud engulfs the gnoll but does no damage.
The stinking cloud engulfs the rat but does no damage.
The gnoll is engulfed in noxious fumes.
The rat is engulfed in noxious fumes.
The rat appears confused.
The gnoll is engulfed in noxious fumes.
The rat is engulfed in noxious fumes.
The rat appears confused.
Casting: Mephitic Cloud (extremely dangerous; 26% risk of failure)
Confirm with . or Enter, or press ? or * to list all spells.
The spell is extremely dangerous to miscast (26% risk of failure)!
Continue anyway?
Aiming: Mephitic Cloud (extremely dangerous; 26% risk of failure)
Press: ? - help, Shift-Dir - straight line, f/p - gnoll
Aim: a gnoll, wielding a +0 flail (chance to affect: 91%)
You miscast Mephitic Cloud.
You are very lightly contaminated with residual magic.
There is a short, sharp shower of sparks!
The gnoll hits you from afar with a +0 spear!
Unknown command.
Something unseen opens the door.
The gnoll attacks as you move away! The gnoll hits you with a +0 flail!
Ouch! That really hurt!
You die...

###### #....#####
#....#...#########
....#...........#
...#...........# #
#+#.#..[........#
#.#..[............#
#......<.@g.......#
#..#....#.....#########
#. #.#......#g###.....#
# #.#......#...#.....#
#.#.[....'.#.#.....#
#.#......#r#.#.....#
#.#......#.#.......####
#........#>....gg......
#######.##.............


You could see 2 gnolls and a rat (confused).

Vanquished Creatures
  An adder (D:2)
  3 dart slugs (D:1)
  2 ball pythons (D:1)
  A bat (D:1)
  4 endoplasms (D:1)
  2 giant cockroaches
  2 goblins (D:1)
  A hobgoblin (D:1)
  2 kobolds (D:1)
  A quokka (D:1)
  A rat (D:1)
20 creatures vanquished.

Notes
Turn   | Place    | Note
-------+----------+-------------------------------------------
     0 | D:1      | Ignak the Gnoll Hedge Wizard began the quest for the Orb.
     0 | D:1      | Reached XP level 1. HP: 13/13 MP: 8/8
   203 | D:1      | Reached XP level 2. HP: 19/19 MP: 5/10
   644 | D:1      | Reached XP level 3. HP: 14/25 MP: 11/11
   663 | D:1      | Learned a level 2 spell: Blink
   665 | D:1      | Learned a level 1 spell: Slow
   669 | D:1      | Learned a level 3 spell: Mephitic Cloud
   672 | D:1      | Learned a level 2 spell: Call Imp
  1034 | D:2      | Reached skill level 1 in Invocations
  1046 | D:2      | Slain by a gnoll

Illustrated notes

Levels and vault maps discovered:
D:1:      minmay_arrival_plants_in_alcoves, layout_loops_ring,
          minmay_tetromino_l4
D:2:      layout_basic, kennysheep_generic_room_2

Skill      XL: |  1  2  3 |
---------------+----------+-----
Conjurations   | 2 |  2.1
Summonings     | 2 |  2.1
Translocations | 2 |  2.1
Invocations    | 1 |  1.0
Fighting       | |  0.8
Short Blades   | |  0.8
Long Blades    | |  0.8
Axes           | |  0.8
Maces & Flails | |  0.8
Polearms       | |  0.8
Staves         | |  0.8
Slings         | |  0.8
Bows           | |  0.8
Crossbows      | |  0.8
Throwing       | |  0.8
Armour         | |  0.8
Dodging        | |  4.5
Stealth        | |  4.1
Shields        | |  0.8
Unarmed Combat | |  0.8
Spellcasting   | |  7.1
Hexes          | |  0.5
Necromancy     | |  0.5
Transmutations | |  0.5
Fire Magic     | |  0.5
Ice Magic      | |  0.5
Air Magic      | |  0.5
Earth Magic    | |  0.5
Poison Magic   | |  0.5
Evocations     | |  0.8

Action                   || total
-------------------------++-------
Melee: Dagger            ||    87
       Bite              ||     9
       Punch             ||     2
 Cast: Magic Dart        ||     8
       Mephitic Cloud    ||     3
       Call Imp          ||     1
  Use: Potion            ||     6
 Stab: Sleeping          ||     2
Armor: Robe              ||    14
Dodge: Dodged            ||    64

Table legend: (Time is in decaauts)
 A = Elapsed time spent in this place.
 B = Non-inter-level travel time spent in this place.
 C = Inter-level travel time spent in this place.
 D = Time resting spent in this place.
 E = Time spent auto-exploring this place.
 F = Levels seen in this place.
 G = Mean time per level.
                   A        B        C        D        E       F      G
               +--------+--------+--------+--------+--------+-----+--------+
         Total |   1031 |   1031 |      0 |     36 |    647 |   2 |  515.5 |
       Dungeon |   1031 |   1031 |      0 |     36 |    647 |   2 |  515.5 |
               +--------+--------+--------+--------+--------+-----+--------+

Top non-repeatable levels by time:
     D:1: 930 daAuts
     D:2: 100 daAuts
